 Dungeon Crawl Stone Soup version 0.22.1-2-g9c5b331383 (webtiles) character file.

40301 Ihlosi the Fighter (level 14, -22/118 HPs)
             Began as a Human Gladiator on Nov 21, 2018.
             Was a Priest of the Shining One.
             Killed from afar by an orc warrior (40 damage)
             ... with an exploding inner flame
             ... led by an orc warlord
             ... hexed by the player character
             ... on level 2 of the Orcish Mines on Nov 22, 2018.
             The game lasted 01:10:54 (20206 turns).

Ihlosi the Fighter (Human Gladiator)               Turns: 20206, Time: 01:10:55

Health: -22/118    AC: 15    Str: 17    XL:     14   Next: 44%
Magic:  20/20      EV: 22    Int:  8    God:    the Shining One [***...]
Gold:   2200       SH:  5    Dex: 18    Spells: 13/15 levels left

rFire    . . .     SeeInvis .   a - +5 great sword (freeze)
rCold    . . .     Gourm    .   (shield currently unavailable)
rNeg     + . .     Faith    .   s - +0 troll leather armour
rPois    +         Spirit   .   c - +0 helmet
rElec    .         Reflect  +   z - +1 cloak
rCorr    .         Harm     .   D - +1 pair of gloves
MR       +....                  x - +2 pair of boots
Stlth    +.........             i - +5 amulet of reflection
HPRegen  0.69/turn              b - +4 ring of evasion
MPRegen  0.17/turn              X - ring of poison resistance

@: glowing
A: no striking features
a: Divine Shield, Renounce Religion


You were on level 2 of the Orcish Mines.
You worshipped the Shining One.
The Shining One was most pleased with you.
You were hungry.

You visited 4 branches of the dungeon, and saw 20 of its levels.
You also visited: Sewer and Bailey.

You collected 2200 gold pieces.

Inventory:

Hand Weapons
 a - a +5 great sword of freezing (weapon)
 h - a +0 dagger of venom
 K - a +2 battleaxe of chopping
 V - a +2 long sword of freezing
Missiles
 d - 6 javelins of penetration (quivered)
 o - 122 bolts
 v - 5 javelins
Armour
 c - a +0 helmet (worn)
 e - a +2 leather armour of fire resistance
 m - +0 steam dragon scales
 s - a +0 troll leather armour (worn)
 x - a +2 pair of boots (worn)
 z - a +1 cloak (worn)
 D - a +1 pair of gloves (worn)
 J - a +2 leather armour of cold resistance
Jewellery
 b - a +4 ring of evasion (left hand)
 i - a +5 amulet of reflection (around neck)
 k - an uncursed ring of magical power
 u - a cursed amulet of inaccuracy
 N - the amulet "Heniul" {Acrobat rF+ rN+ Int-4}
   (You found it on level 5 of the Lair of Beasts)

   [amulet of the acrobat]

   It helps you evade while moving and waiting.
   It affects your intelligence (-4).
   It protects you from fire.
   It protects you from negative energy.
 Q - an uncursed amulet of guardian spirit
 X - a ring of poison resistance (right hand)
Wands
 A - a wand of disintegration (3)
 F - a wand of flame (16)
 L - a wand of digging (5)
 O - a wand of scattershot (3)
 Y - a wand of iceblast (15)
Scrolls
 j - 2 scrolls of fog
 n - a scroll of blinking
 q - 2 scrolls of amnesia
 r - 8 scrolls of teleportation
 t - 3 scrolls of enchant weapon
 w - 2 scrolls of immolation
 y - 7 scrolls of enchant armour
 E - 2 scrolls of remove curse
 R - a scroll of fear
 S - a scroll of magic mapping
 U - 4 scrolls of identify
Potions
 g - a potion of curing
 l - 7 potions of flight
 B - 4 potions of lignification
 C - 2 potions of mutation
 G - a potion of magic
 H - 3 potions of haste
 I - a potion of ambrosia
 M - 2 potions of heal wounds
Miscellaneous
 p - a lightning rod (inert)
Comestibles
 f - 29 rations


   Skills:
 + Level 13.2 Fighting
 * Level 12.2 Long Blades
   Level 0.2 Maces & Flails
   Level 3.0 Crossbows
 - Level 2.0 Throwing
 * Level 9.0 Armour
 * Level 9.0 Dodging
 - Level 1.0 Stealth
 * Level 1.3 Spellcasting
 * Level 1.4 Summonings
 * Level 0.8 Translocations
 * Level 8.0 Invocations
 - Level 6.0 Evocations


You had 13 spell levels left.
You knew the following spells:

 Your Spells              Type           Power        Failure   Level  Hunger
a - Summon Butterflies    Summ           #.......     24%         1    ##.....
b - Apportation           Tloc           #.....       30%         1    ##.....

Your spell library contained the following spells:

 Spells                   Type           Power        Failure   Level  Hunger
 Summon Small Mammal      Summ           #...         24%         1    ##.....
 Call Imp                 Summ           #.......     36%         2    ###....
 Animate Skeleton         Necr           N/A          41%         1    ##.....
 Confusing Touch          Hex            #.....       41%         1    ##.....
 Corona                   Hex            #......      41%         1    ##.....
 Flame Tongue             Conj/Fire      #....        41%         1    ##.....
 Freeze                   Ice            #...         41%         1    ##.....
 Ensorcelled Hibernation  Hex/Ice        #.....       54%         2    ###....
 Passwall                 Tmut/Erth      #.......     54%         2    ###....
 Throw Flame              Conj/Fire      #.....       54%         2    ###....
 Throw Frost              Conj/Ice       #.....       54%         2    ###....
 Call Canine Familiar     Summ           #.......     58%         3    ####...
 Gell's Gravitas          Tloc           #.........   67%         3    ####...
 Lesser Beckoning         Tloc           #.........   67%         3    ####...
 Summon Guardian Golem    Hex/Summ       #.......     69%         3    ####...
 Confuse                  Hex            #.......     78%         3    ####...
 Conjure Flame            Conj/Fire      #.......     78%         3    ####...
 Dazzling Spray           Conj/Hex       #.....       78%         3    ####...
 Inner Flame              Hex/Fire       #.......     78%         3    ####...
 Ozocubu's Armour         Chrm/Ice       #.......     78%         3    ####...
 Tukima's Dance           Hex            #.......     78%         3    ####...
 Summon Ice Beast         Ice/Summ       #.......     97%         4    #####..
 Summon Lightning Spire   Summ/Air       #.......     97%         4    #####..
 Petrify                  Tmut/Erth      #.......     99%         4    #####..
 Sticky Flame             Conj/Fire      #.......     99%         4    #####..
 Throw Icicle             Conj/Ice       #.......     99%         4    #####..
 Alistair's Intoxication  Tmut/Pois      #.......     100%        5    ######.
 Bolt of Magma            Conj/Fire/Erth #.........   100%        5    ######.
 Fireball                 Conj/Fire      #.........   100%        5    ######.
 Metabolic Englaciation   Hex/Ice        #.........   100%        5    ######.
 Yara's Violent Unravell  Hex/Tmut       #.........   100%        5    ######.
 Invisibility             Hex            #.......     100%        6    #######
 Dragon's Call            Summ           #.........   100%        9    #######


Dungeon Overview and Level Annotations

Branches:
Dungeon (12/15)            Temple (1/1) D:5            Lair (5/6) D:9
  Swamp (0/4) Lair:3        Snake (0/4) Lair:3        Slime (0/5) Lair:5
    Orc (2/2) D:9             Elf (0/3) Orc:2

Altars:
Ashenzari
Cheibriados
Dithmenos
Elyvilon
Fedhas
Gozag
Hepliaklqana
Kikubaaqudgha
Makhleb
Nemelex Xobeh
Okawaru
Qazlal
Ru
Sif Muna
Trog
Uskayaw
Vehumet
Wu Jian
Xom
Yredelemnul
Zin
The Shining One
Beogh

Shops:
D:5 :(   D:6 (

Annotations:
D:5 3 runed doors, lilly's ghost, amateur FeFi
D:10 Erica
D:11 1 runed door, Peloso's ghost, journeyman MiFi
Lair:1 Hydra!, 1 runed door, potatolover's ghost, journeyman TrMo
Lair:4 exclusion: 2 oklob plants


Message History

The orc warrior is severely wounded.
The fiery explosion engulfs you!
The fiery explosion engulfs the orc.
The orc explodes!
The fiery explosion engulfs the orc priest.
The orc priest explodes!
The fiery explosion engulfs the orc.
The orc explodes!
The fiery explosion engulfs the orc knight.
The orc knight explodes!
The fiery explosion engulfs the orc warrior.
The orc warrior explodes!
The fiery explosion engulfs the orc warrior.
The orc warrior explodes!
The fiery explosion engulfs you!
* * * LOW HITPOINT WARNING * * *
The Shining One accepts your kill.
The fiery explosion engulfs the orc warrior.
The orc warrior explodes!
The fiery explosion engulfs you!
You die...

.#.#.......#...## **,,,
..............#.## ****,,
...##...<#.......# *****,*,,,
.####..[..[......#
****,**,,,,,, ##
#....#...##..##
**,*,,,*,,,,**
##.###...#...##
*,,,,,,,,,,,**
######.......##**,,,,,,,*,,*,
##...#........# ***>,,,,,,,,,
#.....#).###@##**,,,,,,,,,,*,
#.......###§§§#*,,,,,,,,,,,,,
#........§§§§##**,,,,,,,,,,,,
##.......§.§§#****,,*,,,,,*,,
#...#%.[..§§###∩,**,*,,,,,*,*
##.#...%)%§...#,,,***8,,,8***
###..o.[#....##,,,**,,,,,**,
##.#..).o...#*,,,*.,,,,*,,
*#......o...#**,,..,,,,,,,


You could see an orc warrior and an orc wizard (inner flame).

Vanquished Creatures
  Rupert (Lair:4)
  5 hydras
  A catoblepas (Lair:5)
  2 two-headed ogres
  An orc high priest (Orc:2)
  Nergalle (Lair:4)
  An unseen horror (D:10)
  An orc knight (Orc:2)
  An orc sorcerer (Orc:2)
  An ugly thing (D:11)
  A cyclops (D:10)
  2 black mambas
  A gargoyle (D:10)
  A centaur skeleton (D:10)
  5 spiny frogs
  5 komodo dragons
  2 rime drakes (Lair:5)
  A queen bee (D:11)
  4 trolls
  3 blink frogs (Lair:4)
  A polar bear (Lair:4)
  14 hippogriffs
  2 bog bodies (Lair:3)
  30 yaks
  10 wyverns
  5 basilisks
  A hungry ghost (D:10)
  Grum (D:9)
  3 steam dragons
  A swamp worm (Lair:3)
  3 wargs
  8 water moccasins
  9 porcupines
  A hell hound (Lair:5)
  An ice beast (D:9)
  A sky beast (D:5)
  21 orc warriors
  2 phantoms
  11 wolves
  A hornet zombie (D:11)
  9 ogres
  5 centaurs
  10 crocodiles
  A big kobold (Sewer)
  8 gnoll sergeants (Bailey)
  2 wyvern zombies
  17 bullfrogs
  2 scorpions
  22 killer bees
  7 howler monkeys
  10 wights (D:10)
  2 electric eels
  A bullfrog zombie (D:6)
  3 crimson imps
  A quasit (D:5)
  4 bullfrog skeletons
  13 jellies
  5 hounds
  10 orc priests
  6 gnoll shamans (Bailey)
  17 orc wizards
  Jessica (D:2)
  3 iguanas
  7 worker ants
  A hound zombie (D:5)
  A hound skeleton (D:10)
  A worker ant zombie (D:11)
  14 gnolls (Bailey)
  2 howler monkey skeletons
  17 adders
  A river rat (Sewer)
  2 shadow imps (D:7)
  3 oozes
  An adder skeleton (D:6)
  A worm (D:6)
  3 dart slugs
  9 leopard geckos
  49 orcs
  3 ball pythons
  15 bats
  11 giant cockroaches
  10 goblins
  7 hobgoblins
  16 jackals
  5 quokkas
  6 frilled lizards
  13 kobolds
  A leopard gecko skeleton (D:4)
  A leopard gecko zombie (D:5)
  2 quokka skeletons (D:5)
  A quokka zombie (D:7)
  9 rats
537 creatures vanquished.

Vanquished Creatures (others)
  An orc wizard (D:6)
  An orc (D:10)
  A bush (D:8)
  8 fungi
  5 plants
16 creatures vanquished.

Grand Total: 553 creatures vanquished

Notes
Turn   | Place    | Note
-------+----------+-------------------------------------------
     0 | D:1      | Ihlosi the Human Gladiator began the quest for the Orb.
     0 | D:1      | Reached XP level 1. HP: 16/16 MP: 1/1
   136 | D:1      | Reached XP level 2. HP: 22/22 MP: 2/2
   270 | D:1      | Reached XP level 3. HP: 19/27 MP: 3/3
   809 | D:1      | Reached skill level 1 in Stealth
   809 | D:1      | Reached XP level 4. HP: 32/33 MP: 4/4
   809 | D:1      | Reached skill level 1 in Armour
  1272 | D:2      | Noticed Jessica
  1276 | D:2      | Killed Jessica
  1354 | D:2      | Reached XP level 5. HP: 20/39 MP: 5/5
  2166 | D:3      | Found an iron altar of Okawaru.
  2371 | D:3      | Reached XP level 6. HP: 40/46 MP: 6/6
  2722 | D:3      | Reached skill level 3 in Fighting
  3471 | D:4      | Found an ancient bone altar of Kikubaaqudgha.
  3586 | D:4      | Reached XP level 7. HP: 34/52 MP: 7/7
  3807 | D:4      | Found a stormy altar of Qazlal.
  3858 | D:5      | Entered Level 5 of the Dungeon
  3916 | D:5      | Reached skill level 1 in Crossbows
  4063 | D:5      | Reached skill level 5 in Long Blades
  4072 | D:5      | Reached skill level 5 in Dodging
  4090 | D:5      | Reached XP level 8. HP: 23/60 MP: 8/8
  4111 | D:5      | Found a staircase to the Ecumenical Temple.
  4270 | D:5      | Reached skill level 1 in Evocations
  4284 | D:5      | Found Tymap's Weapon Emporium.
  4335 | D:5      | Found Mubifokk's Book Boutique.
  4401 | D:5      | Found a glowing drain.
  4405 | Sewer    | Entered a sewer
  4418 | Sewer    | Reached skill level 4 in Fighting
  4716 | Sewer    | Found a white marble altar of Elyvilon.
  4892 | D:5      | Found a runed gate.
  4892 | D:5      | Noticed lilly's ghost (amateur FeFi)
  4893 | D:5      | Found a runed gate.
  4894 | D:5      | Found a runed gate.
  4978 | D:5      | Found a roughly hewn altar of Beogh.
  5093 | D:6      | Found Fihaim's Antique Weapon Shop.
  5433 | D:6      | Reached XP level 9. HP: 54/66 MP: 10/10
  5711 | D:6      | Reached skill level 5 in Fighting
  6344 | D:7      | Noticed a two-headed ogre
  6377 | D:7      | Killed a two-headed ogre
  6377 | D:7      | Reached skill level 6 in Fighting
  6713 | D:7      | Found an ornate altar of the Wu Jian Council.
  6728 | D:7      | Reached skill level 7 in Fighting
  6872 | D:7      | Reached skill level 5 in Armour
  7016 | D:8      | Found a flagged portal.
  7094 | Bailey   | Entered a bailey
  7114 | Bailey   | Reached XP level 10. HP: 32/79 MP: 13/13
  8393 | Bailey   | Got a vibrating lead ring
  8398 | Bailey   | Identified the ring "Poogg" {*Tele rElec Dex+4} (You found
                  | it in a bailey)
  8953 | D:8      | Found a hide-covered altar of Uskayaw.
  8953 | D:8      | Found a snail-covered altar of Cheibriados.
  8953 | D:8      | Found a burning altar of Makhleb.
  9038 | D:8      | Noticed a two-headed ogre
  9071 | D:8      | Killed a two-headed ogre
  9071 | D:8      | Reached skill level 8 in Fighting
  9196 | D:8      | Reached skill level 5 in Evocations
  9513 | Temple   | Entered the Ecumenical Temple
  9694 | Temple   | Became a worshipper of the Shining One
  9790 | D:9      | Got a scintillating lapis lazuli ring
 10001 | D:9      | Reached skill level 1 in Invocations
 10024 | D:9      | Reached XP level 11. HP: 45/87 MP: 14/14
 10244 | D:9      | Found a staircase to the Orcish Mines.
 10432 | D:9      | Found a staircase to the Lair.
 10597 | D:10     | Entered Level 10 of the Dungeon
 10680 | D:10     | Noticed Grum
 10764 | D:9      | Killed Grum
 11086 | D:10     | Reached * piety under the Shining One
 11542 | D:10     | Identified Hairabar's Volume of Companions and the
                  | Mountains
 11546 | D:10     | Learned a level 1 spell: Summon Butterflies
 11548 | D:10     | Learned a level 1 spell: Apportation
 11580 | D:10     | Noticed a cyclops
 11623 | Lair:1   | Entered Level 1 of the Lair of Beasts
 11647 | Lair:1   | Identified the ring of Sang {Str+3 Stlth-} (You found it on
                  | level 9 of the Dungeon)
 11743 | Lair:1   | Reached skill level 9 in Fighting
 11760 | Lair:1   | Noticed an eight-headed hydra
 11760 | Lair:1   | Reached ** piety under the Shining One
 12095 | D:10     | Noticed Erica
 12174 | D:11     | Noticed a five-headed hydra
 12185 | D:11     | Found a shadowy altar of Dithmenos.
 12790 | D:11     | Reached skill level 1 in Summonings
 12790 | D:11     | Reached skill level 1 in Spellcasting
 13166 | D:11     | Found a runed door.
 13166 | D:11     | Found a shimmering altar of Xom.
 13166 | D:11     | Noticed Peloso's ghost (journeyman MiFi)
 13166 | D:11     | Noticed a morningstar of chaos
 13421 | D:12     | Noticed a brown ugly thing
 13450 | D:11     | Killed a brown ugly thing
 13855 | D:10     | Killed a cyclops
 14054 | D:10     | Noticed an unseen horror
 14058 | D:10     | Killed an unseen horror
 14058 | D:10     | Reached XP level 12. HP: 79/96 MP: 4/16
 14240 | D:10     | Reached *** piety under the Shining One
 14400 | Lair:1   | Was placed under penance by the Shining One
 14403 | Lair:1   | Killed an eight-headed hydra
 14700 | Lair:1   | Found a runed door.
 14700 | Lair:1   | Found a shimmering altar of Xom.
 14700 | Lair:1   | Noticed potatolover's ghost (journeyman TrMo)
 14701 | Lair:1   | Noticed a scimitar of chaos
 15048 | Lair:1   | Reached skill level 10 in Long Blades
 15136 | Lair:1   | Reached skill level 10 in Fighting
 15292 | Lair:2   | Reached skill level 5 in Invocations
 16137 | Lair:3   | Noticed a seven-headed hydra
 16143 | Lair:3   | Killed a seven-headed hydra
 16185 | Lair:3   | Noticed a four-headed hydra
 16198 | Lair:3   | Killed a four-headed hydra
 16198 | Lair:3   | Reached XP level 13. HP: 84/104 MP: 17/17
 16287 | Lair:3   | Noticed an eight-headed hydra
 16292 | Lair:3   | Killed an eight-headed hydra
 16362 | Lair:3   | Found a staircase to the Snake Pit.
 16421 | Lair:3   | Found a staircase to the Swamp.
 17136 | Lair:4   | Noticed Nergalle
 17147 | Lair:4   | Killed Nergalle
 17182 | Lair:4   | Noticed Rupert
 17191 | Lair:4   | Killed Rupert
 17191 | Lair:4   | Reached skill level 11 in Fighting
 17797 | Lair:5   | Got a sparkling bronze amulet
 17807 | Lair:5   | Identified the amulet "Heniul" {Acrobat rF+ rN+ Int-4} (You
                  | found it on level 5 of the Lair of Beasts)
 17812 | Lair:5   | Was forgiven by the Shining One
 17913 | Lair:5   | Noticed a five-headed hydra
 17923 | Lair:5   | Killed a five-headed hydra
 17965 | Lair:5   | Noticed a catoblepas
 18195 | Lair:5   | Reached skill level 12 in Fighting
 18218 | Lair:5   | Found a staircase to the Slime Pits.
 18340 | Lair:5   | Killed a catoblepas
 18340 | Lair:5   | Reached XP level 14. HP: 107/115 MP: 19/19
 19090 | Orc:1    | Entered Level 1 of the Orcish Mines
 19155 | Orc:2    | Entered Level 2 of the Orcish Mines
 19253 | Orc:1    | Found a roughly hewn altar of Beogh.
 19570 | Orc:1    | Reached skill level 13 in Fighting
 20206 | Orc:2    | Killed from afar by an orc warrior

Skill      XL: |  1  2  3  4  5  6  7  8  9 10 11 12 13 14 |
---------------+-------------------------------------------+-----
Stealth        | 1 |  1.0
Armour         | 1 2 3 5 6 7 8 9 |  9.0
Dodging        | 4 5 6 7 8 9 |  9.0
Long Blades    | 4 5 6 8 9 10 12 | 12.2
Fighting       | 3 4 7 8 9 10 12 13 | 13.2
Crossbows      | 1 2 3 |  3.0
Evocations     | 2 4 5 6 |  6.0
Invocations    | 1 3 5 7 8 |  8.0
Summonings     | 1 |  1.4
Spellcasting   | 1 |  1.3
Maces & Flails | |  0.2
Throwing       | |  2.0
Translocations | |  0.8

Action                   |  1- 3 |  4- 6 |  7- 9 | 10-12 | 13-15 || total
-------------------------+-------+-------+-------+-------+-------++-------
Melee: Long sword        |    36 |   209 |   378 |   553 |       ||  1176
       Dagger            |    47 |       |       |    39 |       ||    86
       Whip              |       |       |       |   244 |       ||   244
       Great sword       |       |       |       |   147 |   357 ||   504
Throw: Throwing net      |       |       |     5 |    10 |       ||    15
Evoke: Wand              |       |       |    23 |    73 |     9 ||   105
       Lightning rod     |       |       |       |       |     9 ||     9
  Use: Scroll            |       |       |    20 |    15 |     5 ||    40
       Potion            |       |       |     5 |    11 |     1 ||    17
 Stab: Sleeping          |       |     4 |       |     3 |       ||     7
       Held in net/web   |       |       |     3 |     6 |       ||     9
  Eat: Chunk             |       |     8 |    13 |    20 |    14 ||    55
       Ration            |       |       |       |     3 |       ||     3
Armor: Leather armour    |    34 |    51 |    95 |       |       ||   180
       Skin              |       |       |    28 |     7 |       ||    35
       Steam dragon scal |       |       |    18 |   222 |    87 ||   327
       Crystal plate arm |       |       |       |    71 |       ||    71
       Troll leather arm |       |       |       |       |    13 ||    13
Dodge: Dodged            |    99 |   175 |   322 |   932 |   371 ||  1899
Block: Other             |     6 |    63 |   106 |   228 |    94 ||   497
       Reflection        |       |     3 |     3 |     3 |     3 ||    12
       Rpst.: Long sword |    17 |    51 |    81 |   111 |       ||   260
       Great sword       |       |       |       |    44 |    97 ||   141
